[Event "January 9 Late 2024"]
[Site "https://www.chess.com"]
[Date "2024.01.09"]
[Round "1"]
[White "Djokic, Mihailo"]
[Black "Gao, Raymond"]
[Result "1-0"]
[Board "150"]
[TimeControl "180+1"]
[WhiteFideId "976440"]
[BlackFideId "2629429"]
[WhiteElo "2671"]
[BlackElo "2357"]
[WhiteTeam "SRB"]
[BlackTeam "CAN"]
[WhiteClock "0:01:55"]
[BlackClock "0:01:01"]

1. e4 c5 2. Nf3 Nc6 3. d4 cxd4 4. Nxd4 g6 5. Nc3 Bg7 6. Be3 Nf6 7. Bc4 O-O 8. Bb3 Re8 9. O-O d6 10. h3 Bd7 11. Qd2 Rc8 12. Rfe1 Ne5 13. Rad1 a6 14. f4 Nc4 15. Bxc4 Rxc4 16. e5 Rxc3 17. exf6 Rxe3 18. Rxe3 Bxf6 19. c3 b5 20. Rde1 Qb6 21. Kh2 a5 22. a3 b4 23. axb4 axb4 24. Ne2 bxc3 25. Nxc3 e6 26. Nd5 exd5 27. Rxe8+ Bxe8 28. Rxe8+ Kg7 29. Qxd5 Bxb2 30. Re7 1-0

[Event "January 9 Late 2024"]
[Site "https://www.chess.com"]
[Date "2024.01.09"]
[Round "1"]
[White "Rosenberg, Evan S"]
[Black "Annaberdiyev, Meylis"]
[Result "0-1"]
[Board "151"]
[TimeControl "180+1"]
[WhiteFideId "2019299"]
[BlackFideId "14000563"]
[WhiteElo "2355"]
[BlackElo "2671"]
[WhiteTeam "USA"]
[BlackTeam "TKM"]
[WhiteClock "0:00:13"]
[BlackClock "0:00:23"]

1. d4 Nf6 2. Nf3 e6 3. g3 d5 4. Bg2 Nbd7 5. O-O b5 6. a4 b4 7. c4 bxc3 8. Nxc3 Bb4 9. Bf4 Bxc3 10. bxc3 O-O 11. Qc2 Ba6 12. Rfe1 c5 13. Bd6 Re8 14. dxc5 Ne4 15. Nd4 Ndxc5 16. Bxc5 Nxc5 17. h4 Rc8 18. Red1 Bc4 19. e4 e5 20. Nf5 Bb3 21. Qe2 Bxd1 22. Rxd1 d4 23. cxd4 exd4 24. Rxd4 Qf6 25. Qg4 g6 26. Rd6 Re6 27. Rxe6 Nxe6 28. Kh2 h5 0-1

[Event "January 9 Late 2024"]
[Site "https://www.chess.com"]
[Date "2024.01.09"]
[Round "1"]
[White "Atanasov, Anthony"]
[Black "Harriott, Tyrell"]
[Result "1-0"]
[Board "152"]
[TimeControl "180+1"]
[WhiteFideId "2623897"]
[BlackFideId "2086484"]
[WhiteElo "2669"]
[BlackElo "2353"]
[WhiteTeam "CAN"]
[BlackTeam "USA"]
[WhiteClock "0:00:23"]
[BlackClock "0:00:46"]

1. e4 d5 2. exd5 Nf6 3. Nf3 Qxd5 4. Nc3 Qh5 5. d4 Bg4 6. Be2 Nc6 7. Be3 O-O-O 8. Qd2 e5 9. O-O-O exd4 10. Nxd4 Nxd4 11. Bxd4 c5 12. Bxg4+ Qxg4 13. Nb5 a6 14. Na7+ Kc7 15. Be5+ Bd6 16. Bxd6+ Kb6 17. Bxc5+ Kxc5 18. Qa5+ b5 19. Qc7+ Kb4 20. Qc3+ 1-0

[Event "January 9 Late 2024"]
[Site "https://www.chess.com"]
[Date "2024.01.09"]
[Round "1"]
[White "Filipovic, Slobodan J"]
[Black "Baziuk, Vladyslav"]
[Result "0-1"]
[Board "153"]
[TimeControl "180+1"]
[WhiteFideId "939633"]
[BlackFideId "34107940"]
[WhiteElo "2353"]
[BlackElo "2669"]
[WhiteTeam "SRB"]
[BlackTeam "UKR"]
[WhiteClock "0:00:00"]
[BlackClock "0:00:11"]

1. c4 c5 2. Nc3 Nc6 3. g3 g6 4. Bg2 Bg7 5. d3 e5 6. h4 d6 7. h5 f5 8. Nd5 Be6 9. Bg5 Qxg5 10. Nc7+ Kd7 11. Nxa8 Qd8 12. Nf3 g5 13. Qb3 Kc8 14. Qa4 h6 15. Nxg5 hxg5 16. Bxc6 Kb8 17. Qb3 Qe7 18. Nb6 axb6 19. Qxb6 Qc7 20. Qxc7+ Kxc7 21. Bg2 Nf6 22. e3 Nxh5 23. Ke2 f4 24. Bf3 Nf6 25. Rxh8 Bxh8 26. Rh1 Bg7 27. gxf4 gxf4 28. Rg1 Bf8 29. Rg6 Be7 30. Rg7 Kd8 31. b3 fxe3 32. fxe3 b6 33. Rg6 Bf5 34. Rg7 Kd7 35. e4 Be6 36. Rg1 Ke8 37. Rh1 Kf7 38. Rg1 Ne8 39. Rh1 Nc7 40. Rg1 Na6 41. Rh1 Nb8 42. Rh7+ Kf6 43. Rh6+ Kf7 44. Rh7+ Ke8 45. Bh5+ Kd7 46. Rh8 Nc6 47. a3 Nd4+ 48. Ke3 Nxb3 49. Ra8 Bd8 50. Ra7+ Kc8 51. Bd1 Bg5+ 52. Kf2 Nd4 53. Ba4 Bc1 54. Re7 Bg4 55. Re8+ Kc7 56. Re7+ Kd8 57. Re8+ Kc7 58. Re7+ Kb8 59. Re8+ Ka7 60. Re7+ Ka6 61. Re8 Bxa3 62. Rd8 Ka5 63. Be8 Kb4 64. Rxd6 Kc3 65. Ke3 Bc1+ 66. Kf2 Bf4 67. Rxb6 Kxd3 68. Bf7 Kxe4 69. Bd5+ Kd3 70. Ra6 Kc3 71. Ra3+ Kb4 72. Ra8 Nc2 73. Rb8+ Kc3 74. Rg8 Bf5 75. Kg2 Bd3 76. Kf3 Bxc4 77. Bxc4 Kxc4 78. Ke4 Nd4 79. Rc8 Nb5 80. Kf3 Nc3 81. Rd8 Bc1 82. Kg4 e4 83. Kf5 e3 84. Kf4 e2+ 85. Kf3 Bg5 86. Kf2 Bxd8 87. Ke1 Bh4+ 88. Kd2 e1=Q+ 89. Kc2 Qd1+ 0-1

[Event "January 9 Late 2024"]
[Site "https://www.chess.com"]
[Date "2024.01.09"]
[Round "1"]
[White "Nazari, Arad"]
[Black "Carre, Sylvain"]
[Result "0-1"]
[Board "154"]
[TimeControl "180+1"]
[WhiteFideId "12577324"]
[BlackFideId "642118"]
[WhiteElo "2668"]
[BlackElo "2351"]
[WhiteTeam "IRI"]
[BlackTeam "FRA"]
[WhiteClock "0:00:07"]
[BlackClock "0:00:12"]

1. e4 e5 2. f4 Bc5 3. Nf3 d6 4. c3 Nc6 5. d4 exd4 6. cxd4 Bb6 7. Be3 Nf6 8. Nc3 O-O 9. Be2 Nxe4 10. Nxe4 Re8 11. Qd3 Bf5 12. Nfd2 d5 13. Qc3 Rxe4 14. Nxe4 Ba5 15. Ng3 Be4 16. Kf2 Bxc3 17. bxc3 f5 18. a4 b6 19. Nxe4 fxe4 20. g3 Na5 21. Rhb1 c6 22. g4 Qd6 23. Kg2 Rf8 24. f5 h6 25. h4 Nc4 26. Bxc4 dxc4 27. Rf1 Rf7 28. Rf4 Qd5 29. Raf1 b5 30. a5 Qd8 31. Kh3 Qxa5 32. Bd2 e3 33. Bxe3 Qxc3 34. R1f3 b4 35. g5 hxg5 36. hxg5 Qe1 37. Bf2 Qh1+ 38. Kg4 c3 39. Re4 c2 40. Be3 c1=Q 41. Bxc1 Qxc1 42. g6 Qg1+ 43. Rg3 Qd1+ 44. Kg5 Rf8 45. Rge3 Qg1+ 46. Rg4 Qxe3+ 0-1

[Event "January 9 Late 2024"]
[Site "https://www.chess.com"]
[Date "2024.01.09"]
[Round "1"]
[White "Bouget, Alexandre"]
[Black "Vlassov, Nikolai"]
[Result "1-0"]
[Board "155"]
[TimeControl "180+1"]
[WhiteFideId "681318"]
[BlackFideId "4103360"]
[WhiteElo "2348"]
[BlackElo "2666"]
[WhiteTeam "FRA"]
[BlackTeam "FID"]
[WhiteClock "0:00:16"]
[BlackClock "0:00:31"]

1. d4 Nf6 2. c4 Nc6 3. Nf3 e6 4. Nc3 Bb4 5. e3 Bxc3+ 6. bxc3 d6 7. Bd3 e5 8. d5 Nb8 9. e4 Bg4 10. h3 Bxf3 11. Qxf3 Nbd7 12. g4 Nc5 13. Bc2 Nfd7 14. h4 c6 15. g5 cxd5 16. cxd5 Rc8 17. h5 Qa5 18. Bd2 Na4 19. Kf1 b5 20. Kg2 Nxc3 21. g6 Nf6 22. gxf7+ Kxf7 23. h6 gxh6 24. Rxh6 Rhg8+ 25. Kh1 Rg6 26. Rxh7+ Kg8 27. Rh2 Rc7 28. Qf5 Kg7 29. Bh6+ Kh7 30. Bg5+ Kg7 31. Bxf6+ Rxf6 32. Rg1+ Kf7 33. Rh7+ Ke8 34. Rg8+ Rf8 35. Qxf8# 1-0

[Event "January 9 Late 2024"]
[Site "https://www.chess.com"]
[Date "2024.01.09"]
[Round "1"]
[White "Rosen, Eric"]
[Black "Korol, Dimitry"]
[Result "1-0"]
[Board "156"]
[TimeControl "180+1"]
[WhiteFideId "2032562"]
[BlackFideId "14108003"]
[WhiteElo "2665"]
[BlackElo "2347"]
[WhiteTeam "USA"]
[BlackTeam "UKR"]
[WhiteClock "0:01:17"]
[BlackClock "0:00:00"]

1. e4 c5 2. Nc3 g6 3. h4 h5 4. d4 cxd4 5. Qxd4 Nf6 6. Bg5 Nc6 7. Qd2 Bg7 8. f3 d6 9. Bc4 Bd7 10. Nge2 Qa5 11. Nf4 Ne5 12. Bb3 O-O 13. O-O-O Bc6 14. Kb1 Rfc8 15. Bxf6 exf6 16. Ncd5 Qd8 17. Qe2 b5 18. g4 a5 19. c3 a4 20. Bc2 Nc4 21. gxh5 Bxd5 22. Nxd5 a3 23. b3 Nb2 24. Rdg1 f5 25. hxg6 Qe8 26. h5 fxg6 27. Rxg6 Qe5 28. f4 1-0

[Event "January 9 Late 2024"]
[Site "https://www.chess.com"]
[Date "2024.01.09"]
[Round "1"]
[White "Biernacki, Mark"]
[Black "Kleiman, Jake"]
[Result "0-1"]
[Board "157"]
[TimeControl "180+1"]
[WhiteFideId "2082322"]
[BlackFideId "2020041"]
[WhiteElo "2345"]
[BlackElo "2665"]
[WhiteTeam "USA"]
[BlackTeam "USA"]
[WhiteClock "0:00:23"]
[BlackClock "0:01:39"]

1. e4 e5 2. Nc3 Nf6 3. d4 exd4 4. Qxd4 Nc6 5. Qd3 Bb4 6. Ne2 O-O 7. Bg5 Re8 8. O-O-O h6 9. Bh4 Ne5 10. Qb5 Bxc3 11. Nxc3 Ng6 12. Bxf6 Qxf6 13. Nd5 Qg5+ 14. f4 Nxf4 15. Nxc7 Nd5+ 16. Kb1 Nxc7 17. Qc4 Qe5 18. Bd3 b6 19. Rhf1 Ne6 20. Rf5 Qc7 21. Qb4 a5 22. Qe1 Nc5 23. Bc4 d5 24. Rxf7 Qxf7 25. Bxd5 Be6 26. Bxa8 Rxa8 0-1

[Event "January 9 Late 2024"]
[Site "https://www.chess.com"]
[Date "2024.01.09"]
[Round "1"]
[White "Msellek, Ilyass"]
[Black "Doluhanova, Evgeniya"]
[Result "1-0"]
[Board "158"]
[TimeControl "180+1"]
[WhiteFideId "675938"]
[BlackFideId "14112035"]
[WhiteElo "2664"]
[BlackElo "2342"]
[WhiteTeam "MAR"]
[BlackTeam "UKR"]
[WhiteClock "0:00:52"]
[BlackClock "0:00:05"]

1. d4 Nf6 2. c4 e6 3. Nc3 Bb4 4. e3 O-O 5. Bd3 b6 6. Ne2 Bb7 7. O-O c5 8. a3 cxd4 9. exd4 Be7 10. b4 a5 11. Rb1 axb4 12. axb4 Nc6 13. c5 bxc5 14. dxc5 Ne5 15. Bc2 d6 16. Bf4 Nfg4 17. h3 g5 18. Bg3 Nh6 19. Nb5 f5 20. cxd6 Bf6 21. f4 gxf4 22. Bxf4 Qb6+ 23. Ned4 Nc6 24. Be3 Nxd4 25. Nxd4 Qxd6 26. Bb3 Nf7 27. Nxe6 Qc6 28. Rf3 Rfe8 29. b5 Qe4 30. Nc5 Qe7 31. Nxb7 Qxb7 32. Bd5 1-0

[Event "January 9 Late 2024"]
[Site "https://www.chess.com"]
[Date "2024.01.09"]
[Round "1"]
[White "Joel Paul Ganta"]
[Black "Krishnan, Varun"]
[Result "0-1"]
[Board "159"]
[TimeControl "180+1"]
[WhiteFideId "35066145"]
[BlackFideId "5054508"]
[WhiteElo "2342"]
[BlackElo "2663"]
[WhiteTeam "IND"]
[BlackTeam "USA"]
[WhiteClock "0:00:09"]
[BlackClock "0:00:14"]

1. Nf3 Nf6 2. c4 c5 3. e3 e6 4. Nc3 Nc6 5. b3 d5 6. cxd5 exd5 7. d4 a6 8. Bb2 cxd4 9. Nxd4 Bc5 10. Be2 O-O 11. O-O Nxd4 12. exd4 Ba7 13. Bf3 Be6 14. Rc1 Rc8 15. Qd3 Qd7 16. Ne2 Bf5 17. Qd2 Ne4 18. Bxe4 Bxe4 19. Ng3 Bg6 20. Rfe1 h6 21. Re3 Rxc1+ 22. Qxc1 Rc8 23. Rc3 Rxc3 24. Qxc3 h5 25. Ne2 Qg4 26. Qe3 Kh7 27. h3 Qf5 28. a3 Bb8 29. Nc3 Qc2 30. Qc1 Qxb3 31. Ne2 Qc2 32. Qxc2 Bxc2 33. Nc3 Bb3 34. Kf1 Ba7 35. Ne2 b5 36. Ke1 a5 37. Kd2 b4 38. axb4 axb4 39. Nf4 g6 40. h4 Bc4 41. g3 Kg8 42. Ng2 Kf8 43. Ne3 Bb8 44. Nc2 Bd6 45. Ne3 Ke7 46. Nc2 Kd7 47. Ne1 Kc6 48. Nf3 f6 49. Ng1 Kb5 50. Ne2 Bxe2 51. Kxe2 Kc4 52. Ke3 Bc7 53. Bc1 Bb6 54. f3 Bxd4+ 55. Ke2 b3 56. g4 b2 57. Bxb2 Bxb2 58. gxh5 gxh5 59. f4 d4 60. Kf3 d3 61. f5 Kc3 62. Ke3 d2 63. Ke2 Kc2 64. Kf2 d1=Q 65. Ke3 Qd3+ 66. Kf2 Bd4+ 67. Ke1 Qd2+ 68. Kf1 Qf2# 0-1

[Event "January 9 Late 2024"]
[Site "https://www.chess.com"]
[Date "2024.01.09"]
[Round "1"]
[White "Shandrygin, Nikita"]
[Black "Laskakis, Konstantinos"]
[Result "1-0"]
[Board "160"]
[TimeControl "180+1"]
[WhiteFideId "24198668"]
[BlackFideId "42134374"]
[WhiteElo "2661"]
[BlackElo "2342"]
[WhiteTeam "RUS"]
[BlackTeam "GRE"]
[WhiteClock "0:00:19"]
[BlackClock "0:00:07"]

1. Nf3 Nf6 2. g3 g6 3. Bg2 Bg7 4. O-O O-O 5. d4 d6 6. b3 c5 7. Bb2 cxd4 8. Nxd4 d5 9. c4 Nc6 10. cxd5 Nxd5 11. Nxc6 bxc6 12. Bxg7 Kxg7 13. Nd2 Nc3 14. Qe1 Ba6 15. Nc4 Qd4 16. e3 Qd3 17. Ne5 Qc2 18. Nxc6 Bxf1 19. Qxf1 Rae8 20. Nd4 Qb2 21. Qc1 Ne2+ 22. Nxe2 Qxe2 23. Qc3+ f6 24. Bf1 Qf3 25. Qd4 a5 26. Qc5 h5 27. h4 Qf5 28. Qxf5 gxf5 29. Bc4 Ra8 30. Be6 Kg6 31. Rc1 a4 32. Rc5 axb3 33. axb3 Ra1+ 34. Kg2 Rd8 35. Bxf5+ Kf7 36. Be4 Rd2 37. b4 Raa2 38. Bd5+ Rxd5 39. Rxd5 Rb2 40. Rxh5 Rxb4 41. Rf5 Kg6 42. Rf4 Rb2 43. Kf3 e5 44. Rc4 Rb3 45. g4 Ra3 46. h5+ Kg5 47. Rc8 Ra1 48. Rg8+ Kh6 49. Rg6+ Kh7 50. Rxf6 Ra4 51. Rf5 e4+ 52. Kg3 Ra2 53. g5 Ra6 54. Rf7+ Kh8 55. Rb7 Ra5 56. Kf4 Ra6 57. g6 Rc6 58. Kg5 Rc8 59. Kh6 Rg8 60. Rh7# 1-0

[Event "January 9 Late 2024"]
[Site "https://www.chess.com"]
[Date "2024.01.09"]
[Round "1"]
[White "Melamed, Daniel"]
[Black "Ozates, Tuna"]
[Result "0-1"]
[Board "161"]
[TimeControl "180+1"]
[WhiteFideId "3229076"]
[BlackFideId "6354521"]
[WhiteElo "2342"]
[BlackElo "2661"]
[WhiteTeam "AUS"]
[BlackTeam "TUR"]
[WhiteClock "0:00:09"]
[BlackClock "0:00:19"]

1. d4 Nf6 2. Nf3 g6 3. Nc3 Bg7 4. e4 d6 5. Bg5 O-O 6. Bc4 Nxe4 7. Nxe4 d5 8. Bd3 dxe4 9. Bxe4 c5 10. c3 cxd4 11. Nxd4 Qb6 12. O-O e5 13. Nb3 Nc6 14. Qe2 Be6 15. Rad1 Rfe8 16. Rfe1 a5 17. Be3 Qc7 18. Nc5 Bc8 19. Qb5 h6 20. Bd5 Kh7 21. h3 f5 22. a4 e4 23. Bd4 Nxd4 24. cxd4 Rd8 25. Be6 b6 26. Bxc8 Qxc8 27. Qxb6 Rb8 28. Qxa5 Rxb2 29. d5 Rc2 30. Ne6 Rd7 31. Nxg7 Kxg7 32. d6 Rc5 33. Qb4 h5 34. Qd4+ Kh7 35. Qf6 Rc6 36. Re2 Qa6 37. Red2 Qxa4 38. Rd5 Qa7 39. g4 Rc2 40. gxh5 Qxf2+ 41. Kh1 Qg2# 0-1

[Event "January 9 Late 2024"]
[Site "https://www.chess.com"]
[Date "2024.01.09"]
[Round "1"]
[White "Yurovskykh, Oleksandr"]
[Black "La Villa Rivas, Marlon Javier"]
[Result "1-0"]
[Board "162"]
[TimeControl "180+1"]
[WhiteFideId "14134020"]
[BlackFideId "3519546"]
[WhiteElo "2659"]
[BlackElo "2335"]
[WhiteTeam "UKR"]
[BlackTeam "CUB"]
[WhiteClock "0:00:26"]
[BlackClock "0:00:01"]

1. d4 Nf6 2. Nf3 e6 3. Bf4 c5 4. c3 d5 5. e3 Nc6 6. Nbd2 Bd6 7. Bg3 c4 8. Qc2 b5 9. e4 Bxg3 10. hxg3 b4 11. e5 Nd7 12. Rxh7 Rg8 13. Be2 Rb8 14. g4 Qb6 15. g3 a5 16. Kf1 Ba6 17. Kg2 Nf8 18. Rhh1 bxc3 19. bxc3 Qb2 20. Rhc1 Qxc2 21. Rxc2 Ng6 22. Rb1 Rxb1 23. Nxb1 Ke7 24. Rb2 Rb8 25. Rxb8 Nxb8 26. Bd1 Bb5 27. Nh4 Nf8 28. f4 Nfd7 29. g5 Nc6 30. g6 f6 31. Nd2 Nb6 32. Kf2 Ba4 33. Ke1 Bxd1 34. Kxd1 Na4 35. Kc2 Na7 36. f5 fxe5 37. dxe5 Nb5 38. f6+ Kf8 39. Nb1 Nc5 40. Nf3 Ne4 41. f7 Nc5 42. Ng5 Na7 43. Nh7+ Ke7 44. f8=Q+ Kd7 45. Qxc5 1-0

[Event "January 9 Late 2024"]
[Site "https://www.chess.com"]
[Date "2024.01.09"]
[Round "1"]
[White "Sohier, Julien"]
[Black "Barp, Alberto"]
[Result "0-1"]
[Board "163"]
[TimeControl "180+1"]
[WhiteFideId "645346"]
[BlackFideId "872555"]
[WhiteElo "2334"]
[BlackElo "2658"]
[WhiteTeam "FRA"]
[BlackTeam "ITA"]
[WhiteClock "0:00:17"]
[BlackClock "0:00:07"]

1. e4 c5 2. Nc3 a6 3. Nf3 b5 4. g3 Bb7 5. Bg2 b4 6. Na4 d6 7. d4 Nd7 8. O-O Bxe4 9. Re1 Ngf6 10. Bg5 Rc8 11. dxc5 dxc5 12. Bxf6 Nxf6 13. Qxd8+ Kxd8 14. Rad1+ Ke8 15. Ne5 Bxg2 16. Kxg2 e6 17. Nb6 Rc7 18. g4 h6 19. h4 g6 20. g5 hxg5 21. hxg5 Nh5 22. Ned7 Bg7 23. b3 Ke7 24. Nxc5 Rxc5 25. Rd7+ Ke8 26. Red1 Rd5 27. Nxd5 Kxd7 28. Nxb4+ Kc7 29. Nxa6+ Kb6 30. Nb4 Rc8 31. c4 Bf8 32. Nd3 Be7 33. f4 Rd8 34. Kf3 Ng7 35. Nf2 Rxd1 36. Nxd1 Nf5 37. Ne3 Kc5 38. Nxf5 exf5 39. Ke3 f6 40. gxf6 Bxf6 41. Kd3 Kb4 42. Kc2 Be7 43. a4 Bd6 44. Kb2 Bxf4 0-1

[Event "January 9 Late 2024"]
[Site "https://www.chess.com"]
[Date "2024.01.09"]
[Round "1"]
[White "Ibadov, Dashgyn"]
[Black "Mesa Cruz, Juan Carlos"]
[Result "0-1"]
[Board "164"]
[TimeControl "180+1"]
[WhiteFideId "24107514"]
[BlackFideId "6423400"]
[WhiteElo "2657"]
[BlackElo "2334"]
[WhiteTeam "FID"]
[BlackTeam "DOM"]
[WhiteClock "0:00:00"]
[BlackClock "0:00:02"]

1. e4 c5 2. Nf3 d6 3. d4 cxd4 4. Nxd4 Nf6 5. Nc3 a6 6. Be2 e5 7. Nf3 Be7 8. Bg5 Be6 9. O-O Nbd7 10. Re1 Rc8 11. Nd2 O-O 12. Nf1 Rxc3 13. bxc3 Nxe4 14. Bxe7 Qxe7 15. Bf3 Nxc3 16. Qd2 Na4 17. Bxb7 Ndc5 18. Bf3 f5 19. Bd5 f4 20. c4 Kh8 21. Rab1 Bf5 22. f3 Bxb1 23. Rxb1 Qa7 24. Kh1 Rb8 25. Re1 Qb6 26. h3 Qb2 27. Qa5 Qf2 28. Qc7 Rf8 29. Qxd6 Nd7 30. Rxe5 Qxf1+ 31. Kh2 Nac5 32. Rg5 Qa1 33. Rg4 Qf6 34. Qc7 h5 0-1

[Event "January 9 Late 2024"]
[Site "https://www.chess.com"]
[Date "2024.01.09"]
[Round "1"]
[White "Bonin, Jay"]
[Black "Garakov, Mikhael"]
[Result "1/2-1/2"]
[Board "165"]
[TimeControl "180+1"]
[WhiteFideId "2000644"]
[BlackFideId "4169034"]
[WhiteElo "2313"]
[BlackElo "2657"]
[WhiteTeam "USA"]
[BlackTeam "RUS"]
[WhiteClock "0:00:14"]
[BlackClock "0:00:10"]

1. d4 c5 2. d5 g6 3. c4 Bg7 4. Nc3 d6 5. e4 e6 6. Bd3 Nf6 7. h3 O-O 8. Nf3 exd5 9. exd5 Re8+ 10. Be3 Bf5 11. Bxf5 gxf5 12. O-O Ne4 13. Ne2 Nd7 14. Nd2 Ne5 15. Nxe4 fxe4 16. Ng3 Nxc4 17. Qg4 Qf6 18. Nxe4 Qg6 19. Qxg6 hxg6 20. Ng5 Bxb2 21. Rab1 b6 22. Bf4 Be5 23. Bxe5 Rxe5 24. f4 Rxd5 25. Rbd1 Rxd1 26. Rxd1 Rd8 27. Kf2 d5 28. h4 d4 29. g4 Ne3 30. Rg1 c4 31. h5 c3 32. h6 c2 33. f5 Nxg4+ 34. Rxg4 c1=Q 35. h7+ Kg7 36. fxg6 Qe3+ 37. Kg2 fxg6 38. Nf3 d3 39. Nh4 d2 40. Nf5+ Kxh7 41. Nxe3 d1=Q 42. Nxd1 Rxd1 43. Ra4 a5 44. Ra3 Rd2+ 45. Kg3 Rb2 46. Kg4 Kh6 47. Rh3+ Kg7 48. a3 b5 49. Kg5 b4 50. Rd3 b3 51. Rd7+ Kf8 52. Kxg6 a4 53. Kf6 Rf2+ 54. Ke5 Ke8 55. Ra7 b2 56. Rb7 Rd2 57. Ke4 Kd8 58. Ke3 Kc8 59. Kxd2 Kxb7 60. Kc2 Kc6 61. Kxb2 Kc5 62. Kc3 Kb5 63. Kd4 Ka5 64. Kc5 Ka6 65. Kb4 Kb6 66. Kxa4 Ka6 67. Kb4 Kb6 68. a4 Ka6 69. a5 Ka7 70. Kb5 Kb7 71. a6+ Ka7 72. Ka5 Ka8 73. Kb6 Kb8 74. a7+ Ka8 75. Ka6 1/2-1/2

[Event "January 9 Late 2024"]
[Site "https://www.chess.com"]
[Date "2024.01.10"]
[Round "1"]
[White "Wadsworth, Matthew J"]
[Black "Jazdanovs, Aleksandrs"]
[Result "1-0"]
[Board "166"]
[TimeControl "180+1"]
[WhiteFideId "415804"]
[BlackFideId "11604492"]
[WhiteElo "2653"]
[BlackElo "2313"]
[WhiteTeam "ENG"]
[BlackTeam "LAT"]
[WhiteClock "0:00:13"]
[BlackClock "0:00:10"]

1. e4 c5 2. Nf3 d6 3. Bb5+ Bd7 4. Bxd7+ Qxd7 5. O-O Nf6 6. Re1 e5 7. c3 Be7 8. d4 cxd4 9. cxd4 Nc6 10. d5 Nd8 11. Nc3 O-O 12. h3 Rc8 13. Be3 b6 14. Nd2 Nb7 15. Rc1 Nc5 16. Bxc5 Rxc5 17. Nb3 Rc7 18. Qe2 Rfc8 19. f3 Nh5 20. Qb5 Bg5 21. Qxd7 Rxd7 22. Rcd1 Bf4 23. a4 a6 24. Nc1 Rdc7 25. Nd3 Bh6 26. Nb4 Ra8 27. Nc6 Nf6 28. Kf2 Nd7 29. b4 Nb8 30. b5 Nd7 31. bxa6 Nc5 32. Nb5 Rd7 33. a7 Bg5 34. g3 Bd8 35. h4 Kf8 36. Ke2 Ke8 37. Ra1 Na6 38. Reb1 Nc7 39. Nxc7+ Bxc7 40. Rb5 g6 41. Rab1 f5 42. a5 bxa5 43. Rb8+ 1-0

[Event "January 9 Late 2024"]
[Site "https://www.chess.com"]
[Date "2024.01.09"]
[Round "1"]
[White "Nita, Lucian"]
[Black "Vestby-Ellingsen, Mads"]
[Result "0-1"]
[Board "167"]
[TimeControl "180+1"]
[WhiteFideId "1206923"]
[BlackFideId "1520857"]
[WhiteElo "2308"]
[BlackElo "2650"]
[WhiteTeam "ROU"]
[BlackTeam "NOR"]
[WhiteClock "0:01:30"]
[BlackClock "0:01:12"]

1. e4 c6 2. d3 e5 3. Nd2 d5 4. Ngf3 Bd6 5. Be2 Nf6 6. O-O O-O 7. c3 Re8 8. Re1 a5 9. a4 h6 10. Qc2 Bg4 11. Nf1 Nbd7 12. Ng3 Qc7 13. h3 Be6 14. Nh4 Bf8 15. Nhf5 Kh7 16. Bd2 g6 17. Nh4 dxe4 18. dxe4 Nc5 19. Nf3 Bb3 20. Qc1 Bxa4 21. Bd1 Nd3 22. Qb1 Nxe1 23. Nxe1 Bxd1 24. Qxd1 Rad8 25. Qe2 b5 26. Be3 a4 27. Nd3 Qd7 28. Ne1 Qe6 29. Qf3 Nd7 30. Ne2 Nc5 31. Nc2 Nb3 32. Rf1 Nd2 33. Bxd2 Rxd2 34. Ne3 Rxb2 35. Ng3 a3 36. Ng4 Bg7 37. h4 a2 38. Qd3 Qxg4 0-1

[Event "January 9 Late 2024"]
[Site "https://www.chess.com"]
[Date "2024.01.09"]
[Round "1"]
[White "Rama, Tejas"]
[Black "Szente Varga, Fruzsina"]
[Result "1-0"]
[Board "168"]
[TimeControl "180+1"]
[WhiteFideId "30907381"]
[BlackFideId "712264"]
[WhiteElo "2650"]
[BlackElo "2308"]
[WhiteTeam "USA"]
[BlackTeam "HUN"]
[WhiteClock "0:00:21"]
[BlackClock "0:00:18"]

1. d4 Nf6 2. c4 g6 3. Nf3 Bg7 4. Nc3 O-O 5. e4 d6 6. Be2 e5 7. Be3 Nbd7 8. O-O Ne8 9. Qc2 exd4 10. Nxd4 Ne5 11. h3 Qh4 12. Rad1 Nc6 13. Nf3 Qd8 14. Bg5 f6 15. Bc1 f5 16. Bg5 Bf6 17. Bxf6 Nxf6 18. e5 Ne8 19. c5 Be6 20. cxd6 cxd6 21. exd6 Nf6 22. Ng5 Bd7 23. Bc4+ Kg7 24. Ne6+ Bxe6 25. Bxe6 Re8 26. Rfe1 Ne4 27. Nxe4 Rxe6 28. Qc3+ Kh6 29. Qd2+ Kg7 30. Ng5 Rxd6 31. Qxd6 Qxg5 32. Qd7+ Kh6 33. Qxb7 Rb8 34. Qxc6 Rxb2 35. Qc1 Qxc1 36. Rxc1 Rxa2 37. Ra1 Rxa1 38. Rxa1 1-0

[Event "January 9 Late 2024"]
[Site "https://www.chess.com"]
[Date "2024.01.09"]
[Round "1"]
[White "Antonio, Jorge Carlos"]
[Black "Lizak, Peter"]
[Result "1-0"]
[Board "169"]
[TimeControl "180+1"]
[WhiteFideId "113190"]
[BlackFideId "731595"]
[WhiteElo "2307"]
[BlackElo "2649"]
[WhiteTeam "ARG"]
[BlackTeam "HUN"]
[WhiteClock "0:00:43"]
[BlackClock "0:00:06"]

1. e4 c6 2. Nf3 d5 3. exd5 cxd5 4. d4 Nc6 5. c3 Bg4 6. Bd3 e6 7. h3 Bh5 8. Bf4 Bd6 9. Bxd6 Qxd6 10. O-O Nf6 11. Nbd2 O-O 12. Re1 a6 13. Qc2 Bg6 14. Bxg6 hxg6 15. Ne5 Rac8 16. Ndf3 Ne4 17. Qe2 Ne7 18. a3 f6 19. Nd3 g5 20. Nd2 Nxd2 21. Qxd2 Ng6 22. Re2 Rce8 23. Rae1 Kf7 24. Nc5 Nf4 25. Re3 Re7 26. g3 b6 27. gxf4 bxc5 28. fxg5 cxd4 29. Qxd4 Rh8 30. Qg4 f5 31. Qd4 Rh5 32. h4 f4 33. Re5 Rxh4 34. c4 Rg4+ 35. Kf1 Qc6 36. cxd5 Qb5+ 37. R1e2 Qb3 38. Rxe6 Rxe6 39. dxe6+ Kg6 40. e7 f3 41. e8=Q+ Kxg5 42. Qde5+ Kh4 43. Qh8# 1-0

[Event "January 9 Late 2024"]
[Site "https://www.chess.com"]
[Date "2024.01.09"]
[Round "1"]
[White "Gubajdullin, Alexei"]
[Black "Sultanbek, Zeinep"]
[Result "1-0"]
[Board "170"]
[TimeControl "180+1"]
[WhiteFideId "4141202"]
[BlackFideId "13710419"]
[WhiteElo "2647"]
[BlackElo "2306"]
[WhiteTeam "RUS"]
[BlackTeam "KAZ"]
[WhiteClock "0:01:18"]
[BlackClock "0:00:00"]

1. d4 d5 2. Nf3 Nf6 3. Bf4 c5 4. e3 Nc6 5. Nbd2 Qb6 6. dxc5 Qxb2 7. c4 e6 8. Qc1 Qxc1+ 9. Rxc1 Bxc5 10. cxd5 Ba3 11. dxc6 Bxc1 12. Nc4 bxc6 13. Kd1 Ne4 14. Kxc1 Nxf2 15. Rg1 f6 16. Bd6 e5 17. Ba3 Be6 18. Nd6+ Kd7 19. Bc4 Bxc4 20. Nxc4 Ke6 21. Kc2 Rhd8 22. Nfd2 Rd7 23. Nb3 Ne4 24. g4 Rad8 25. h4 Rd3 26. Bb2 g6 27. Nd4+ exd4 28. Kxd3 Nc5+ 29. Kd2 Ne4+ 30. Kd3 Nc5+ 31. Ke2 d3+ 32. Kf3 Rb8 33. Bd4 Kd5 34. Nd2 Ne6 35. Bxf6 1-0